AoeStats
← tengo_hambre_3000

Arabia

510155730Analyzed
1v1 RM · 2d ago on Sep 29, 2026· 57m 46s· 2 players
Game mode
Random Map
Map size
Tiny (2 player)
Population
200
Speed
Normal
Resources
Standard
Victory
Conquest
Starting age
Dark Age
Ending age
Imperial Age
RankedLock teamsTeams togetherTeam positionsShared explorationLock speedFull tech treeHidden civsTurbo modeCheats
Victory
Defeat
🇦🇷 Chinese · Argentina
1440
+17
🇲🇦 Bengalis · Morocco
1466
-17
tengo_hambre_3000
0:26 Loom
8:57 Feudal Age
9:30 Double-Bit Axe
12:43 Horse Collar
16:30 Wheelbarrow
19:23 Castle Age
17:41 Fletching
20:41 Bodkin Arrow
21:24 Padded Archer Armor
20:55 Elite Skirmisher
28:26 Leather Archer Armor
29:09 Herbal Medicine
29:11 Town Watch
30:21 Husbandry
31:02 Ballistics
31:45 Murder Holes
36:10 Imperial Age
33:52 Forging
33:55 Scale Barding Armor
34:50 Bloodlines
35:29 Iron Casting
36:02 Gold Mining
36:20 Cavalier
37:13 Bloodlines
39:03 Stone Mining
39:46 Chain Barding Armor
40:20 Bow Saw
41:37 Plate Barding Armor
41:53 Gold Shaft Mining
41:48 Conscription
42:58 Chemistry
43:38 Hand Cart
45:08 Blast Furnace
45:07 Heavy Plow
45:12 Pikeman
46:20 Halberdier
47:26 Scale Mail Armor
48:23 Chain Mail Armor
49:04 Light Cavalry
50:51 Plate Mail Armor
50:39 Bracer
50:47 Town Patrol
54:45 Squires
Rock_Bottom
7:06 Loom
9:19 Feudal Age
9:48 Double-Bit Axe
10:37 Horse Collar
18:11 Castle Age
17:12 Fletching
18:09 Padded Archer Armor
18:11 Gold Mining
19:53 Bow Saw
20:45 Wheelbarrow
31:40 Imperial Age
30:41 Stone Mining
33:51 Gold Shaft Mining
34:17 Two-Man Saw
33:22 Heavy Plow
34:09 Scale Barding Armor
34:32 Hand Cart
35:24 Bloodlines
35:56 Forging
36:30 Chain Barding Armor
37:32 Husbandry
37:44 Devotion
40:06 Town Watch
41:23 Two-Man Saw
41:10 Faith
41:35 Light Cavalry
42:39 Bodkin Arrow
43:24 Elite Battle Elephant
46:16 Plate Barding Armor
46:58 Iron Casting
46:03 Pikeman
46:43 Squires
46:44 Scale Mail Armor
47:57 Man-at-Arms
48:23 Gambesons
51:22 Chemistry
50:41 Chain Mail Armor
51:08 Long Swordsman
54:02 Blast Furnace
52:33 Halberdier
54:54 Conscription
Connection lost

Rejoining the realm…

Still unreachable

The connection could not be restored.

Session expired

The server has moved on; the page needs a fresh start.